 Dungeon Crawl Stone Soup version 0.31-a0-844-gdc52ec4e09 (webtiles) character file.

Game seed: 9150734306349809947

55 LeprechaunX the Changeling (level 3, -5/24 HPs)
             Began as an Octopode Shapeshifter on Sept 29, 2023.
             Slain by a centaur
             ... wielding a +1 short sword of speed
              (7 damage)
             ... on level 3 of the Dungeon.
             The game lasted 00:01:15 (1151 turns).

LeprechaunX the Changeling (Octopode Shapeshifter)  Turns: 1151, Time: 00:01:16

Health: -5/24      AC:  1    Str: 15    XL:     3   Next: 93%
Magic:  3/3        EV: 13    Int: 12    God:
Gold:   143        SH:  0    Dex: 11    Spells: 2/2 levels left

rFire   . .          .
                       - Unarmed
rCold   . . .        (no shield)
rNeg    . . .        (helmet currently unavailable)
rPois   .            (no amulet)
rElec   .            (no ring)
rCorr   .            (no ring)
SInv    .            (no ring)
Will    .....        (no ring)
Stlth   ++           (no ring)
HPRegen 0.24/turn    (no ring)
MPRegen 0.08/turn    (no ring)
                     (no ring)

%: no passive effects
@: beast-form
A: beast (slay +2), almost no armour, amphibious, 8 rings, camouflage 1,
gelatinous body 1, (nimble swimmer 1), tentacles
a: Begin Untransformation


You were on level 3 of the Dungeon.
You were a hulking beast.
You visited 1 branch of the dungeon, and saw 3 of its levels.

You collected 143 gold pieces.

Inventory:

Hand Weapons
 a - a +0 sling
Missiles
 d - 3 javelins
Talismans
 b - a beast talisman (active)
 c - a flux talisman
Scrolls
 e - 2 scrolls of teleportation {unknown}
 f - a scroll of torment {unknown}
 g - a scroll of fog {unknown}
 j - a scroll of vulnerability {unknown}
 l - a scroll of fear {unknown}
Potions
 h - 2 potions of haste {unknown}
 i - a potion of mutation {unknown}
 k - a potion of lignification


   Skills:
 + Level 1.7 Fighting
 + Level 2.5 Dodging
 + Level 3.4 Unarmed Combat
 * Level 3.6 Shapeshifting


You had 2 spell levels left.
You didn't know any spells.
Your spell library contained the following spells:

 Spells                   Type           Power      Damage    Failure   Level
 Sting                    Tmut/Pois      0%         1d3       32%         1
 Poisonous Vapours        Pois/Air       0%         N/A       45%         2
 Olgreb's Toxic Radiance  Pois           0%         N/A       97%         4


Dungeon Overview and Level Annotations

Branches:
Dungeon (3/15)

Altars:

Shops:
D:2 :


Innate Abilities, Weirdness & Mutations

You are a hulking beast.
Your limbs bulge with bestial killing power. (Slay +2)
You cannot wear most types of armour.
You are amphibious.
You can wear up to eight rings at the same time.
Your skin changes colour to match your surroundings (Stealth+).
Your rubbery body absorbs attacks. (AC +1, EV +1)
((You are camouflaged when in or above water. (Stealth+)))
You have tentacles for arms and can constrict up to eight enemies at once.


Message History

The centaur completely misses you.
The centaur kicks you but does no damage.
The centaur hits you with a +1 short sword of speed.
The centaur kicks you.
You tentacle-slap the centaur.
The centaur is moderately wounded.
The centaur hits you with a +1 short sword of speed.
The centaur kicks you. The centaur barely misses you. The centaur kicks you.
The centaur closely misses you. The centaur barely misses you.
You are too injured to fight recklessly!
You are too injured to fight recklessly!
You are too injured to fight recklessly!
You are too injured to fight recklessly!
You are too injured to fight recklessly!
You are too injured to fight recklessly!
You are too injured to fight recklessly!
You are too injured to fight recklessly!
You are too injured to fight recklessly!
You are too injured to fight recklessly!
You are too injured to fight recklessly!
You are too injured to fight recklessly!
You are too injured to fight recklessly!
You are too injured to fight recklessly!
You are too injured to fight recklessly!
You tentacle-slap the centaur.
The centaur is moderately wounded.
The centaur completely misses you. The centaur closely misses you.
The centaur misses you. The centaur closely misses you.
You tentacle-slap the centaur but do no damage.
The centaur is moderately wounded.
The centaur hits you with a +1 short sword of speed.
* * * LOW HITPOINT WARNING * * *
The centaur misses you.
The centaur hits you with a +1 short sword of speed.
* * * LOW HITPOINT WARNING * * *
The centaur misses you.
You tentacle-slap the centaur. You squeeze the centaur.
The centaur is heavily wounded.
The centaur hits you with a +1 short sword of speed!
You die...

..# #.# #.# ###
#.# ..#######.#
#.##..
..#######
#.##.#
#.c...... ## #
#.##.####h# .#
#.#......##.#
.#
#.#..###.##.#
.# #....#
#....# .##
###..###.####
..######......#
.......#.##.###
..####.#.##.#
.## #.#.##.#


You could see a centaur.

Vanquished Creatures
  2 dart slugs (D:2)
  An orc (D:3)
  7 bats
  4 endoplasms
  2 giant cockroaches
  6 goblins
  7 hobgoblins
  4 kobolds
  3 quokkas
  2 ball pythons (D:2)
  3 frilled lizards (D:2)
  2 rats (D:1)
43 creatures vanquished.

Notes
Turn   | Place    | Note
-------+----------+-------------------------------------------
     0 | D:1      | LeprechaunX the Octopode Shapeshifter began the quest for
                  | the Orb.
     0 | D:1      | Reached XP level 1. HP: 13/13 MP: 1/1
    25 | D:1      | Reached XP level 2. HP: 18/18 MP: 2/2
   180 | D:1      | Reached XP level 3. HP: 23/23 MP: 3/3
   843 | D:2      | Found Cigid's Book Shop.
  1146 | D:3      | Noticed a centaur
  1151 | D:3      | Slain by a centaur

Illustrated notes

Levels and vault maps discovered:
D:1:      lemuel_arrival_cross, layout_rooms
D:2:      layout_rooms, serial_shops, shop, minmay_heptomino_w4
D:3:      layout_loops_ring, nicolae_overflow_ecumenical_swirl,
          gammafunk_temple_overflow_elements

Action                     || total
---------------------------++-------
  Melee: Unarmed           ||    77
         Constrict         ||    21
         Tentacles         ||    11
         Punch             ||     2
   Stab: Sleeping          ||     7
 Armour: Skin              ||    30
  Dodge: Dodged            ||    50

Table legend: (Time is in decaauts)
 A = Elapsed time spent in this place.
 B = Non-inter-level travel time spent in this place.
 C = Inter-level travel time spent in this place.
 D = Time resting spent in this place.
 E = Time spent auto-exploring this place.
 F = Levels seen in this place.
 G = Mean time per level.
                   A        B        C        D        E       F      G
               +--------+--------+--------+--------+--------+-----+--------+
         Total |   1146 |   1126 |     20 |      0 |    888 |   3 |  382.0 |
       Dungeon |   1146 |   1126 |     20 |      0 |    888 |   3 |  382.0 |
               +--------+--------+--------+--------+--------+-----+--------+

Top non-repeatable levels by time:
     D:2: 528 daAuts
     D:1: 488 daAuts
     D:3: 128 daAuts
